2494 views
Uploaded 2024-01-04 16:27:16
Game version 1.36 (6115)
42:52 long 3on3 ladder game on (6)UpperKingdom
Saved by Oni
2494 views
Uploaded 2024-01-04 16:27:16
Game version 1.36 (6115)
42:52 long 3on3 ladder game on (6)UpperKingdom


161 units @ 25.3k
/ 3.5k
92 buildings @ 10.5k
/ 3.7k


| Scroll of Regeneration | 2 | 200 |
| Orb of Fire | 1 | 325 |
| Potion of Healing | 1 | 150 |
| Potion of Mana | 2 | 400 |
| Scroll of Town Portal | 6 | 2100 |
| total: | 12 | 3175g |
| Peasant | 20 | 1500 | / | 0 |
| Footman | 10 | 1350 | / | 0 |
| Knight | 16 | 3920 | / | 960 |
| Gryphon Rider | 15 | 4200 | / | 1050 |
| total: | 61 | 10970g | / | 2010w |
| Scout Tower | 7 | 210 | / | 140 |
| Arcane Tower | 1 | 70 | / | 50 |
| Guard Tower | 5 | 350 | / | 250 |
| Barracks | 1 | 160 | / | 60 |
| Farm | 18 | 1440 | / | 360 |
| Altar of Kings | 1 | 180 | / | 50 |
| Arcane Vault | 3 | 390 | / | 90 |
| Lumber Mill | 1 | 120 | / | 0 |
| Blacksmith | 1 | 140 | / | 60 |
| Town Hall | 2 | 770 | / | 410 |
| Gryphon Aviary | 1 | 140 | / | 150 |
| Keep | 1 | 320 | / | 210 |
| Castle | 1 | 360 | / | 210 |
| total: | 35 | 3550g | / | 1320w |
| 0:02 | Peasant |
| 0:02 | Peasant |
| 0:05 | Barracks |
| 0:14 | Peasant |
| 0:18 | Farm |
| 0:31 | Peasant |
| 0:33 | Altar of Kings |
| 0:48 | Farm |
| 0:53 | Peasant |
| 1:08 | Peasant |
| 1:12 | Footman |
| 1:28 | Farm |
| 1:35 | Footman |
| 1:51 | Scout Tower |
| 1:57 | Footman |
| 1:58 | Peasant |
| 2:14 | Footman |
| 2:19 | Arcane Tower |
| 2:33 | Arcane Vault |
| 2:39 | Storm Bolt |
| 2:46 | Footman |
| 3:01 | Peasant |
| 3:17 | Lumber Mill |
| 3:26 | Footman |
| 3:39 | Farm |
| 3:57 | Keep |
| 4:02 | Bash |
| 4:11 | Blacksmith |
| 4:21 | Improved Lumber Harvesting |
| 4:25 | Farm |
| 4:48 | Footman |
| 5:55 | Town Hall |
| 6:04 | Footman |
| 6:06 | Iron Forged Swords |
| 6:11 | Scroll of Regeneration |
| 6:30 | Defend |
| 7:20 | Storm Bolt |
| 7:27 | Castle |
| 7:31 | Iron Plating |
| 7:46 | Holy Light |
| 8:18 | Footman |
| 8:53 | Gryphon Aviary |
| 8:56 | Advanced Lumber Harvesting |
| 9:02 | Footman |
| 9:03 | Steel Forged Swords |
| 9:06 | Scroll of Town Portal |
| 9:09 | Scroll of Regeneration |
| 9:48 | Peasant |
| 9:48 | Peasant |
| 9:48 | Peasant |
| 10:05 | Scout Tower |
| 10:07 | Scout Tower |
| 10:08 | Scout Tower |
| 10:13 | Animal War Training |
| 10:14 | Knight |
| 10:15 | Gryphon Rider |
| 10:20 | Farm |
| 10:42 | Guard Tower |
| 10:50 | Peasant |
| 10:50 | Peasant |
| 10:51 | Peasant |
| 11:07 | Gryphon Rider |
| 11:11 | Guard Tower |
| 11:20 | Improved Masonry |
| 11:28 | Devotion Aura |
| 11:34 | Bash |
| 11:43 | Studded Leather Armor |
| 12:32 | Knight |
| 12:34 | Gryphon Rider |
| 12:34 | Storm Hammers |
| 12:36 | Farm |
| 13:08 | Holy Light |
| 13:17 | Farm |
| 13:20 | Knight |
| 13:41 | Knight |
| 13:43 | Farm |
| 13:55 | Knight |
| 13:56 | Gryphon Rider |
| 14:28 | Reinforced Leather Armor |
| 14:34 | Peasant |
| 14:34 | Peasant |
| 14:59 | Storm Bolt |
| 15:41 | Farm |
| 15:42 | Farm |
| 16:22 | Gryphon Rider |
| 16:23 | Knight |
| 16:25 | Mithril Forged Swords |
| 16:34 | Scroll of Town Portal |
| 16:35 | Orb of Fire |
| 16:37 | Potion of Healing |
| 16:37 | Potion of Mana |
| 16:38 | Scroll of Town Portal |
| 17:10 | Steel Plating |
| 17:11 | Dragonhide Armor |
| 17:14 | Gryphon Rider |
| 17:42 | Knight |
| 17:43 | Farm |
| 17:45 | Farm |
| 17:48 | Devotion Aura |
| 18:39 | Knight |
| 19:04 | Avatar |
| 19:08 | Potion of Mana |
| 19:14 | Holy Light |
| 19:26 | Gryphon Rider |
| 19:42 | Peasant |
| 19:42 | Peasant |
| 19:43 | Peasant |
| 20:10 | Scroll of Town Portal |
| 21:16 | Gryphon Rider |
| 21:17 | Knight |
| 21:39 | Mithril Plating |
| 22:31 | Knight |
| 22:32 | Gryphon Rider |
| 22:43 | Resurrection |
| 22:50 | Gryphon Rider |
| 23:08 | Bash |
| 23:09 | Knight |
| 23:12 | Gryphon Rider |
| 24:13 | Scroll of Town Portal |
| 24:22 | Knight |
| 25:11 | Gryphon Rider |
| 27:27 | Knight |
| 27:29 | Gryphon Rider |
| 28:00 | Scroll of Town Portal |
| 28:47 | Knight |
| 29:16 | Knight |
| 29:17 | Gryphon Rider |
| 29:26 | Thunder Clap |
| 29:35 | Devotion Aura |
| 29:59 | Scout Tower |
| 30:01 | Scout Tower |
| 30:03 | Scout Tower |
| 30:27 | Guard Tower |
| 30:29 | Guard Tower |
| 30:30 | Guard Tower |
| 30:36 | Knight |
| 30:37 | Gryphon Rider |
| 32:24 | Town Hall |
| 33:53 | Farm |
| 35:27 | Arcane Vault |
| 35:30 | Peasant |
| 35:34 | Arcane Vault |
| 37:20 | Divine Shield |
| 37:50 | Thunder Clap |
| 38:15 | Farm |
| 38:19 | Farm |
| 39:28 | Divine Shield |
| 39:49 | Farm |
| 40:49 | Farm |
| Select group | 1164 |
| Right click | 1161 |
| Select | 373 |
| Build/train/purchase | 184 |
| Use ability | 93 |
| Assign group | 57 |
| Item give/drop | 4 |
| Remove unit | 2 |
| Minimap ping | 2 |
⇛
csz
(3)
(42:50) : 


| Staff of Sanctuary | 1 | 250 |
| Scroll of Regeneration | 1 | 100 |
| Lesser Clarity Potion | 2 | 140 |
| Potion of Healing | 1 | 150 |
| Potion of Mana | 1 | 200 |
| Scroll of Town Portal | 5 | 1750 |
| total: | 11 | 2590g |
| Peasant | 20 | 1500 | / | 0 |
| Footman | 6 | 810 | / | 0 |
| Rifleman | 33 | 6765 | / | 990 |
| Priest | 18 | 2430 | / | 180 |
| total: | 77 | 11505g | / | 1170w |
| Scout Tower | 14 | 420 | / | 280 |
| Guard Tower | 8 | 560 | / | 400 |
| Barracks | 5 | 800 | / | 300 |
| Farm | 13 | 1040 | / | 260 |
| Altar of Kings | 3 | 540 | / | 150 |
| Blacksmith | 2 | 280 | / | 120 |
| Arcane Vault | 3 | 390 | / | 90 |
| Lumber Mill | 1 | 120 | / | 0 |
| Town Hall | 3 | 1155 | / | 615 |
| Arcane Sanctum | 1 | 150 | / | 140 |
| Keep | 1 | 320 | / | 210 |
| Castle | 1 | 360 | / | 210 |
| total: | 45 | 4895g | / | 1955w |
| 0:01 | Peasant |
| 0:04 | Peasant |
| 0:08 | Barracks |
| 0:19 | Farm |
| 0:26 | Peasant |
| 0:33 | Altar of Kings |
| 0:42 | Peasant |
| 0:48 | Farm |
| 1:10 | Peasant |
| 1:12 | Footman |
| 1:24 | Footman |
| 1:33 | Footman |
| 1:46 | Peasant |
| 1:47 | Footman |
| 1:55 | Blacksmith |
| 2:04 | Farm |
| 2:17 | Footman |
| 2:36 | Storm Bolt |
| 2:50 | Footman |
| 2:55 | Peasant |
| 3:08 | Rifleman |
| 3:17 | Farm |
| 3:32 | Rifleman |
| 3:50 | Arcane Vault |
| 3:53 | Rifleman |
| 4:01 | Bash |
| 4:03 | Keep |
| 4:19 | Rifleman |
| 4:24 | Farm |
| 5:14 | Lumber Mill |
| 5:44 | Town Hall |
| 5:53 | Rifleman |
| 6:37 | Peasant |
| 6:38 | Peasant |
| 7:17 | Storm Bolt |
| 7:18 | Rifleman |
| 7:21 | Arcane Sanctum |
| 7:24 | Barracks |
| 7:38 | Holy Light |
| 7:52 | Rifleman |
| 8:13 | Rifleman |
| 8:45 | Priest Adept Training |
| 8:46 | Castle |
| 8:48 | Peasant |
| 9:00 | Black Gunpowder |
| 9:21 | Long Rifles |
| 9:32 | Peasant |
| 9:32 | Peasant |
| 9:41 | Scroll of Town Portal |
| 9:55 | Peasant |
| 10:00 | Priest |
| 10:00 | Priest |
| 10:05 | Farm |
| 10:36 | Bash |
| 10:44 | Rifleman |
| 10:44 | Rifleman |
| 10:46 | Farm |
| 10:47 | Farm |
| 10:54 | Devotion Aura |
| 11:36 | Refined Gunpowder |
| 11:37 | Studded Leather Armor |
| 11:39 | Scout Tower |
| 11:40 | Scout Tower |
| 11:47 | Priest Master Training |
| 12:41 | Priest |
| 12:41 | Priest |
| 12:42 | Rifleman |
| 13:19 | Rifleman |
| 13:20 | Priest |
| 13:48 | Scout Tower |
| 13:49 | Scout Tower |
| 13:50 | Scout Tower |
| 13:51 | Scout Tower |
| 13:52 | Scout Tower |
| 13:53 | Scout Tower |
| 13:55 | Guard Tower |
| 14:08 | Priest |
| 14:20 | Rifleman |
| 14:29 | Guard Tower |
| 14:29 | Guard Tower |
| 14:31 | Scout Tower |
| 14:32 | Scout Tower |
| 14:33 | Scout Tower |
| 14:51 | Farm |
| 14:52 | Farm |
| 15:00 | Guard Tower |
| 15:15 | Holy Light |
| 16:21 | Rifleman |
| 16:22 | Priest |
| 16:23 | Priest |
| 16:50 | Staff of Sanctuary |
| 16:51 | Scroll of Regeneration |
| 16:51 | Lesser Clarity Potion |
| 17:11 | Rifleman |
| 17:22 | Farm |
| 17:53 | Storm Bolt |
| 18:45 | Priest |
| 18:45 | Priest |
| 18:46 | Rifleman |
| 18:46 | Rifleman |
| 19:19 | Divine Shield |
| 19:40 | Rifleman |
| 20:27 | Avatar |
| 20:37 | Rifleman |
| 20:47 | Barracks |
| 20:48 | Barracks |
| 21:15 | Rifleman |
| 21:16 | Priest |
| 21:18 | Imbued Gunpowder |
| 21:29 | Lesser Clarity Potion |
| 21:32 | Scroll of Town Portal |
| 21:33 | Potion of Healing |
| 21:33 | Potion of Mana |
| 21:41 | Brilliance Aura |
| 21:53 | Rifleman |
| 22:30 | Rifleman |
| 22:45 | Blizzard |
| 23:29 | Town Hall |
| 24:05 | Scroll of Town Portal |
| 24:20 | Rifleman |
| 24:20 | Rifleman |
| 24:51 | Priest |
| 25:18 | Priest |
| 25:18 | Priest |
| 26:20 | Bash |
| 26:26 | Divine Shield |
| 26:33 | Rifleman |
| 26:48 | Peasant |
| 26:48 | Peasant |
| 26:49 | Peasant |
| 26:51 | Rifleman |
| 26:52 | Rifleman |
| 26:53 | Priest |
| 26:53 | Priest |
| 27:15 | Scroll of Town Portal |
| 27:54 | Priest |
| 27:54 | Priest |
| 27:55 | Rifleman |
| 28:48 | Rifleman |
| 29:07 | Rifleman |
| 29:39 | Rifleman |
| 29:46 | Holy Light |
| 29:47 | Thunder Clap |
| 31:27 | Rifleman |
| 32:00 | Scroll of Town Portal |
| 33:28 | Rifleman |
| 34:57 | Town Hall |
| 36:04 | Farm |
| 36:05 | Farm |
| 36:19 | Arcane Vault |
| 37:56 | Divine Shield |
| 38:02 | Thunder Clap |
| 39:07 | Resurrection |
| 39:39 | Altar of Kings |
| 39:40 | Barracks |
| 40:03 | Altar of Kings |
| 41:22 | Blacksmith |
| 41:24 | Scout Tower |
| 41:26 | Scout Tower |
| 41:27 | Scout Tower |
| 41:28 | Peasant |
| 41:28 | Peasant |
| 41:28 | Peasant |
| 41:28 | Peasant |
| 41:43 | Arcane Vault |
| 41:55 | Guard Tower |
| 41:56 | Guard Tower |
| 42:44 | Thunder Clap |
| Right click | 2506 |
| Select group | 2090 |
| Select | 860 |
| Build/train/purchase | 178 |
| Misc. action | 117 |
| Use ability | 110 |
| Assign group | 69 |
| Minimap ping | 36 |
| Remove unit | 5 |
| Resource trade | 5 |
| Esc | 2 |


| Peon | 7 | 525 | / | 0 |
| Grunt | 1 | 200 | / | 0 |
| Troll Headhunter | 15 | 2100 | / | 300 |
| total: | 23 | 2825g | / | 300w |
| Barracks | 2 | 360 | / | 100 |
| Orc Burrow | 6 | 960 | / | 240 |
| Altar of Storms | 2 | 360 | / | 100 |
| War Mill | 1 | 205 | / | 0 |
| Voodoo Lounge | 1 | 130 | / | 30 |
| Stronghold | 1 | 315 | / | 190 |
| Fortress | 1 | 325 | / | 190 |
| total: | 12 | 2015g | / | 470w |
| 0:09 | Barracks |
| 0:21 | Orc Burrow |
| 0:25 | Altar of Storms |
| 0:27 | Peon |
| 0:44 | Peon |
| 0:55 | Barracks |
| 1:02 | Peon |
| 1:20 | Peon |
| 1:28 | Peon |
| 1:46 | War Mill |
| 1:53 | Peon |
| 2:08 | Grunt |
| 2:23 | Peon |
| 2:51 | Orc Burrow |
| 3:01 | Steel Ranged Weapons |
| 3:10 | Orc Burrow |
| 3:25 | Hex |
| 3:50 | Troll Headhunter |
| 3:56 | Stronghold |
| 4:13 | Troll Headhunter |
| 4:24 | Steel Armor |
| 4:51 | Troll Headhunter |
| 4:57 | Healing Wave |
| 5:13 | Troll Headhunter |
| 5:52 | Troll Headhunter |
| 6:16 | Troll Regeneration |
| 6:18 | Troll Headhunter |
| 6:19 | Thorium Ranged Weapons |
| 6:41 | Thorium Armor |
| 6:52 | Troll Headhunter |
| 7:18 | Troll Headhunter |
| 7:26 | Healing Wave |
| 8:37 | Altar of Storms |
| 9:07 | Voodoo Lounge |
| 9:48 | Orc Burrow |
| 10:09 | Orc Burrow |
| 10:36 | Orc Burrow |
| 10:52 | Troll Headhunter |
| 10:53 | Troll Headhunter |
| 11:11 | Fortress |
| 11:15 | Troll Headhunter |
| 11:44 | Spiked Barricades |
| 11:51 | Troll Headhunter |
| 12:08 | Endurance Aura |
| 12:20 | Troll Headhunter |
| 12:55 | Troll Headhunter |
| 13:07 | Hex |
| 13:18 | Troll Headhunter |
| Right click | 399 |
| Select | 396 |
| Misc. action | 118 |
| Select group | 101 |
| Build/train/purchase | 43 |
| Assign group | 15 |
| Use ability | 15 |
| Esc | 2 |
281 units @ 41.6k
/ 5.7k
109 buildings @ 15.9k
/ 6.5k


| Acolyte | 28 | 2100 | / | 0 |
| Ghoul | 13 | 1560 | / | 0 |
| Crypt Fiend | 41 | 8815 | / | 1640 |
| Banshee | 8 | 1240 | / | 240 |
| Necromancer | 10 | 1450 | / | 200 |
| Obsidian Statue | 2 | 400 | / | 70 |
| Meat Wagon | 2 | 460 | / | 100 |
| Abomination | 2 | 480 | / | 140 |
| total: | 106 | 16505g | / | 2390w |
| Spirit Tower | 15 | 2175 | / | 600 |
| Nerubian Tower | 25 | 2500 | / | 500 |
| Altar of Darkness | 3 | 540 | / | 150 |
| Ziggurat | 29 | 4350 | / | 1450 |
| Crypt | 4 | 800 | / | 200 |
| Graveyard | 3 | 645 | / | 0 |
| Necropolis | 3 | 675 | / | 0 |
| Tomb of Relics | 1 | 130 | / | 30 |
| Sacrificial Pit | 2 | 150 | / | 300 |
| Temple of the Damned | 3 | 465 | / | 420 |
| Slaughterhouse | 3 | 420 | / | 405 |
| Halls of the Dead | 7 | 2240 | / | 1470 |
| Black Citadel | 2 | 650 | / | 460 |
| total: | 51 | 8175g | / | 2955w |
| 0:09 | Altar of Darkness |
| 0:10 | Acolyte |
| 0:10 | Acolyte |
| 0:10 | Acolyte |
| 0:22 | Ziggurat |
| 0:38 | Acolyte |
| 0:38 | Acolyte |
| 0:54 | Ziggurat |
| 1:34 | Crypt |
| 2:00 | Graveyard |
| 2:31 | Death Coil |
| 2:43 | Ghoul |
| 2:43 | Ghoul |
| 2:47 | Ghoul |
| 2:52 | Ziggurat |
| 3:25 | Crypt |
| 3:30 | Ghoul |
| 3:31 | Ghoul |
| 4:08 | Ghoul |
| 4:17 | Halls of the Dead |
| 4:31 | Crypt Fiend |
| 4:36 | Crypt Fiend |
| 5:03 | Crypt Fiend |
| 5:20 | Creature Attack |
| 5:22 | Creature Carapace |
| 5:46 | Crypt Fiend |
| 5:46 | Crypt Fiend |
| 6:00 | Unholy Aura |
| 6:27 | Crypt Fiend |
| 6:27 | Crypt Fiend |
| 6:27 | Crypt Fiend |
| 7:01 | Crypt Fiend |
| 7:02 | Crypt Fiend |
| 7:25 | Necropolis |
| 7:41 | Death Coil |
| 7:51 | Web |
| 8:39 | Crypt Fiend |
| 8:39 | Crypt Fiend |
| 8:40 | Crypt Fiend |
| 8:57 | Ziggurat |
| 8:58 | Ziggurat |
| 8:59 | Ziggurat |
| 9:03 | Acolyte |
| 9:03 | Acolyte |
| 9:13 | Acolyte |
| 9:13 | Acolyte |
| 9:16 | Acolyte |
| 9:16 | Acolyte |
| 9:32 | Crypt Fiend |
| 9:32 | Crypt Fiend |
| 9:38 | Acolyte |
| 9:38 | Acolyte |
| 10:04 | Spirit Tower |
| 10:05 | Spirit Tower |
| 10:07 | Nerubian Tower |
| 10:29 | Acolyte |
| 10:29 | Acolyte |
| 10:49 | Burrow |
| 11:07 | Acolyte |
| 11:07 | Acolyte |
| 11:08 | Spirit Tower |
| 11:10 | Nerubian Tower |
| 11:48 | Sacrificial Pit |
| 11:52 | Temple of the Damned |
| 12:06 | Ziggurat |
| 12:06 | Ziggurat |
| 12:07 | Ziggurat |
| 12:43 | Temple of the Damned |
| 13:01 | Nerubian Tower |
| 13:03 | Nerubian Tower |
| 13:11 | Ziggurat |
| 14:00 | Crypt Fiend |
| 14:01 | Crypt Fiend |
| 14:01 | Crypt Fiend |
| 14:24 | Nerubian Tower |
| 14:42 | Altar of Darkness |
| 14:49 | Slaughterhouse |
| 15:11 | Banshee |
| 15:11 | Banshee |
| 15:35 | Necropolis |
| 15:47 | Necromancer |
| 16:26 | Crypt |
| 16:43 | Spirit Tower |
| 17:03 | Banshee |
| 17:10 | Necromancer |
| 17:10 | Necromancer |
| 17:20 | Acolyte |
| 17:20 | Acolyte |
| 17:30 | Acolyte |
| 17:42 | Necromancer |
| 17:43 | Skeletal Mastery |
| 17:57 | Ziggurat |
| 17:58 | Ziggurat |
| 18:27 | Necropolis |
| 18:37 | Altar of Darkness |
| 18:39 | Ziggurat |
| 18:40 | Ziggurat |
| 18:40 | Ziggurat |
| 19:06 | Spirit Tower |
| 19:17 | Crypt |
| 19:28 | Acolyte |
| 19:34 | Ziggurat |
| 19:35 | Ziggurat |
| 19:50 | Ziggurat |
| 20:06 | Crypt Fiend |
| 20:06 | Crypt Fiend |
| 20:22 | Acolyte |
| 20:22 | Acolyte |
| 20:22 | Acolyte |
| 20:22 | Acolyte |
| 20:50 | Crypt Fiend |
| 20:50 | Crypt Fiend |
| 20:50 | Crypt Fiend |
| 20:50 | Crypt Fiend |
| 21:03 | Acolyte |
| 21:05 | Spirit Tower |
| 21:06 | Nerubian Tower |
| 21:08 | Nerubian Tower |
| 21:15 | Nerubian Tower |
| 21:16 | Nerubian Tower |
| 21:33 | Necromancer |
| 21:36 | Banshee Adept Training |
| 21:36 | Banshee |
| 21:37 | Banshee |
| 21:37 | Banshee |
| 21:50 | Ghoul |
| 21:50 | Ghoul |
| 21:50 | Ghoul |
| 22:20 | Frost Nova |
| 22:33 | Frost Armor |
| 23:11 | Banshee |
| 23:19 | Crypt Fiend |
| 23:19 | Crypt Fiend |
| 23:20 | Crypt Fiend |
| 23:32 | Ghoul |
| 23:45 | Spirit Tower |
| 23:47 | Acolyte |
| 23:52 | Crypt Fiend |
| 23:52 | Crypt Fiend |
| 23:53 | Crypt Fiend |
| 24:21 | Graveyard |
| 24:25 | Tomb of Relics |
| 24:31 | Ziggurat |
| 24:36 | Ziggurat |
| 24:40 | Ziggurat |
| 25:16 | Banshee |
| 25:52 | Unholy Aura |
| 25:52 | Unholy Aura |
| 26:33 | Spirit Tower |
| 26:35 | Nerubian Tower |
| 26:38 | Nerubian Tower |
| 26:46 | Ziggurat |
| 27:09 | Halls of the Dead |
| 27:25 | Ghoul |
| 27:25 | Ghoul |
| 27:25 | Ghoul |
| 27:50 | Halls of the Dead |
| 27:58 | Necromancer |
| 27:58 | Necromancer |
| 28:24 | Spirit Tower |
| 28:37 | Crypt Fiend |
| 28:37 | Crypt Fiend |
| 28:38 | Crypt Fiend |
| 28:38 | Crypt Fiend |
| 29:04 | Frost Nova |
| 29:41 | Necromancer |
| 29:41 | Necromancer |
| 29:50 | Temple of the Damned |
| 29:55 | Slaughterhouse |
| 29:57 | Slaughterhouse |
| 30:12 | Crypt Fiend |
| 30:12 | Crypt Fiend |
| 30:55 | Acolyte |
| 31:38 | Crypt Fiend |
| 31:40 | Improved Creature Attack |
| 31:46 | Improved Creature Carapace |
| 32:05 | Obsidian Statue |
| 32:08 | Obsidian Statue |
| 33:04 | Ziggurat |
| 33:05 | Ziggurat |
| 33:55 | Necromancer |
| 33:59 | Meat Wagon |
| 33:59 | Meat Wagon |
| 34:01 | Crypt Fiend |
| 34:01 | Crypt Fiend |
| 35:06 | Black Citadel |
| 36:19 | Sacrificial Pit |
| 36:28 | Graveyard |
| 36:42 | Crypt Fiend |
| 36:42 | Crypt Fiend |
| 37:30 | Ziggurat |
| 37:31 | Ziggurat |
| 37:32 | Ziggurat |
| 37:59 | Abomination |
| 38:02 | Abomination |
| 38:31 | Nerubian Tower |
| 38:33 | Nerubian Tower |
| 38:37 | Nerubian Tower |
| 40:07 | Ziggurat |
| 40:08 | Ziggurat |
| Right click | 2134 |
| Select | 607 |
| Build/train/purchase | 184 |
| Use ability | 49 |
| Minimap ping | 13 |
| Remove unit | 1 |


| Healing Salve | 8 | 800 |
| Scroll of Speed | 4 | 200 |
| Lesser Clarity Potion | 20 | 1400 |
| Potion of Healing | 4 | 600 |
| Potion of Mana | 2 | 400 |
| Scroll of Town Portal | 10 | 3500 |
| Scroll of Regeneration | 1 | 100 |
| total: | 49 | 7000g |
| Peon | 17 | 1275 | / | 0 |
| Grunt | 5 | 1000 | / | 0 |
| Troll Headhunter | 11 | 1540 | / | 220 |
| Shaman | 12 | 1560 | / | 240 |
| Troll Berserker | 35 | 4900 | / | 700 |
| Troll Witch Doctor | 4 | 580 | / | 100 |
| total: | 84 | 10855g | / | 1260w |
| Watch Tower | 4 | 440 | / | 320 |
| Altar of Storms | 1 | 180 | / | 50 |
| Orc Burrow | 6 | 960 | / | 240 |
| Barracks | 3 | 540 | / | 150 |
| War Mill | 1 | 205 | / | 0 |
| Voodoo Lounge | 1 | 130 | / | 30 |
| Great Hall | 3 | 1155 | / | 555 |
| Spirit Lodge | 2 | 300 | / | 300 |
| Stronghold | 1 | 315 | / | 190 |
| Fortress | 1 | 325 | / | 190 |
| total: | 21 | 3910g | / | 1645w |
| 0:03 | Peon |
| 0:04 | Peon |
| 0:04 | Peon |
| 0:04 | Peon |
| 0:20 | Altar of Storms |
| 0:25 | Orc Burrow |
| 0:50 | Barracks |
| 0:53 | Peon |
| 1:09 | War Mill |
| 1:15 | Peon |
| 1:45 | Orc Burrow |
| 1:52 | Grunt |
| 2:06 | Peon |
| 2:15 | Voodoo Lounge |
| 2:22 | War Stomp |
| 2:38 | Grunt |
| 2:50 | Peon |
| 2:53 | Troll Headhunter |
| 3:19 | Healing Salve |
| 3:19 | Healing Salve |
| 3:20 | Scroll of Speed |
| 3:32 | Troll Headhunter |
| 3:32 | Troll Headhunter |
| 3:32 | Troll Headhunter |
| 3:39 | Peon |
| 3:55 | Troll Headhunter |
| 4:32 | Great Hall |
| 4:35 | Endurance Aura |
| 4:53 | Healing Salve |
| 5:09 | Stronghold |
| 5:31 | Orc Burrow |
| 5:49 | Barracks |
| 6:35 | Grunt |
| 6:58 | Peon |
| 6:58 | Peon |
| 6:58 | Peon |
| 6:58 | Peon |
| 7:02 | War Stomp |
| 7:22 | Grunt |
| 7:33 | Berserker Strength |
| 7:39 | Spirit Lodge |
| 8:36 | Fortress |
| 8:37 | Grunt |
| 8:42 | Lesser Clarity Potion |
| 8:42 | Scroll of Speed |
| 8:44 | Lesser Clarity Potion |
| 8:59 | Orc Burrow |
| 9:01 | Shaman Adept Training |
| 9:04 | Serpent Ward |
| 9:12 | Troll Regeneration |
| 9:12 | Troll Headhunter |
| 9:47 | Troll Headhunter |
| 10:04 | Troll Headhunter |
| 10:05 | Shaman |
| 10:23 | Lesser Clarity Potion |
| 10:26 | Potion of Healing |
| 10:36 | Troll Headhunter |
| 10:38 | Orc Burrow |
| 11:04 | Berserker Upgrade |
| 11:04 | Troll Headhunter |
| 11:08 | Shaman Master Training |
| 11:19 | Troll Headhunter |
| 11:24 | Steel Armor |
| 11:30 | Healing Wave |
| 11:52 | Troll Berserker |
| 11:54 | Shaman |
| 12:39 | Troll Berserker |
| 12:41 | Shaman |
| 12:50 | Scroll of Regeneration |
| 12:51 | Scroll of Town Portal |
| 12:53 | Lesser Clarity Potion |
| 12:53 | Lesser Clarity Potion |
| 12:56 | Lesser Clarity Potion |
| 13:09 | Troll Berserker |
| 13:12 | Shaman |
| 13:23 | Reinforced Defenses |
| 13:34 | Troll Berserker |
| 13:45 | Lesser Clarity Potion |
| 13:45 | Lesser Clarity Potion |
| 13:49 | Healing Salve |
| 14:15 | Endurance Aura |
| 14:15 | Endurance Aura |
| 14:16 | Troll Berserker |
| 14:26 | Troll Berserker |
| 14:48 | Troll Berserker |
| 14:52 | Shaman |
| 15:26 | Orc Burrow |
| 15:28 | Steel Ranged Weapons |
| 16:21 | Troll Berserker |
| 16:24 | Potion of Healing |
| 16:25 | Lesser Clarity Potion |
| 16:25 | Scroll of Town Portal |
| 16:34 | Shaman |
| 16:44 | Potion of Healing |
| 16:44 | Healing Salve |
| 16:55 | Troll Berserker |
| 17:08 | Shaman |
| 17:28 | Great Hall |
| 17:50 | Healing Wave |
| 18:02 | Troll Berserker |
| 18:34 | War Stomp |
| 19:11 | Troll Berserker |
| 19:11 | Troll Berserker |
| 19:11 | Troll Berserker |
| 19:46 | Healing Salve |
| 19:46 | Healing Salve |
| 19:53 | Lesser Clarity Potion |
| 19:55 | Scroll of Town Portal |
| 20:03 | Troll Berserker |
| 20:14 | Potion of Mana |
| 20:19 | Reincarnation |
| 20:28 | Troll Berserker |
| 20:28 | Troll Berserker |
| 20:41 | Lesser Clarity Potion |
| 20:42 | Lesser Clarity Potion |
| 20:45 | Scroll of Town Portal |
| 20:51 | Peon |
| 20:51 | Peon |
| 20:51 | Peon |
| 20:59 | Thorium Ranged Weapons |
| 21:12 | Troll Berserker |
| 21:17 | Lesser Clarity Potion |
| 21:21 | Scroll of Speed |
| 21:23 | Lesser Clarity Potion |
| 21:30 | Troll Berserker |
| 21:49 | Troll Berserker |
| 21:50 | Shaman |
| 22:32 | Troll Berserker |
| 22:35 | Endurance Aura |
| 22:41 | Scroll of Town Portal |
| 22:41 | Lesser Clarity Potion |
| 22:42 | Healing Salve |
| 22:45 | Potion of Healing |
| 22:53 | Potion of Mana |
| 22:56 | Thorium Armor |
| 22:59 | Shaman |
| 22:59 | Witch Doctor Adept Training |
| 23:08 | Peon |
| 23:11 | Troll Berserker |
| 23:30 | Troll Berserker |
| 23:49 | Hex |
| 24:13 | Scroll of Town Portal |
| 24:14 | Lesser Clarity Potion |
| 24:21 | Troll Berserker |
| 24:22 | Arcanite Ranged Weapons |
| 25:00 | Troll Berserker |
| 25:04 | Scroll of Town Portal |
| 25:04 | Lesser Clarity Potion |
| 25:17 | Witch Doctor Master Training |
| 25:19 | Arcanite Armor |
| 25:33 | Troll Berserker |
| 25:33 | Troll Berserker |
| 25:55 | Troll Berserker |
| 26:38 | Scroll of Town Portal |
| 26:47 | Troll Berserker |
| 26:49 | Troll Witch Doctor |
| 26:49 | Shaman |
| 26:52 | Spirit Lodge |
| 27:07 | Troll Berserker |
| 27:07 | Troll Berserker |
| 27:25 | Healing Wave |
| 27:55 | Shaman |
| 27:55 | Troll Witch Doctor |
| 29:12 | Troll Berserker |
| 29:12 | Troll Berserker |
| 29:35 | Lesser Clarity Potion |
| 29:35 | Scroll of Town Portal |
| 29:36 | Lesser Clarity Potion |
| 29:38 | Scroll of Speed |
| 30:00 | Shaman |
| 30:03 | Troll Berserker |
| 30:18 | Watch Tower |
| 30:35 | Great Hall |
| 31:32 | Troll Berserker |
| 31:35 | Barracks |
| 31:47 | Troll Witch Doctor |
| 31:49 | Scroll of Town Portal |
| 31:50 | Lesser Clarity Potion |
| 32:02 | Watch Tower |
| 32:28 | Troll Witch Doctor |
| 33:26 | Troll Berserker |
| 34:21 | Big Bad Voodoo |
| 37:01 | Shockwave |
| 41:53 | Watch Tower |
| 41:57 | Watch Tower |
| Right click | 2016 |
| Select | 991 |
| Build/train/purchase | 359 |
| Use ability | 109 |
| Minimap ping | 67 |
| Misc. action | 62 |
| Select group | 51 |
| Assign group | 8 |
| Item give/drop | 1 |


| Scroll of Regeneration | 2 | 200 |
| Potion of Healing | 7 | 1050 |
| Lesser Clarity Potion | 2 | 140 |
| Potion of Mana | 2 | 400 |
| Orb of Fire | 2 | 650 |
| Scroll of Town Portal | 5 | 1750 |
| total: | 20 | 4190g |
| Peasant | 22 | 1650 | / | 0 |
| Footman | 6 | 810 | / | 0 |
| Rifleman | 37 | 7585 | / | 1110 |
| Priest | 11 | 1485 | / | 110 |
| Sorceress | 3 | 465 | / | 60 |
| Spell Breaker | 3 | 645 | / | 90 |
| Mortar Team | 9 | 1620 | / | 630 |
| total: | 91 | 14260g | / | 2000w |
| Scout Tower | 13 | 390 | / | 260 |
| Arcane Tower | 4 | 280 | / | 200 |
| Guard Tower | 38 | 2660 | / | 1900 |
| Altar of Kings | 2 | 360 | / | 100 |
| Farm | 10 | 800 | / | 200 |
| Barracks | 2 | 320 | / | 120 |
| Arcane Vault | 1 | 130 | / | 30 |
| Blacksmith | 1 | 140 | / | 60 |
| Lumber Mill | 1 | 120 | / | 0 |
| Town Hall | 2 | 770 | / | 410 |
| Arcane Sanctum | 4 | 600 | / | 560 |
| Workshop | 1 | 140 | / | 140 |
| Keep | 4 | 1280 | / | 840 |
| Castle | 3 | 1080 | / | 630 |
| total: | 37 | 3770g | / | 1880w |
| 0:03 | Peasant |
| 0:03 | Peasant |
| 0:07 | Altar of Kings |
| 0:12 | Farm |
| 0:18 | Peasant |
| 0:25 | Barracks |
| 0:36 | Peasant |
| 0:54 | Farm |
| 1:01 | Peasant |
| 1:17 | Peasant |
| 1:27 | Footman |
| 1:33 | Peasant |
| 1:36 | Scout Tower |
| 1:50 | Farm |
| 1:51 | Footman |
| 1:54 | Peasant |
| 1:54 | Peasant |
| 1:55 | Peasant |
| 1:55 | Peasant |
| 2:09 | Storm Bolt |
| 2:14 | Footman |
| 2:18 | Arcane Tower |
| 2:18 | Arcane Tower |
| 2:35 | Footman |
| 2:37 | Peasant |
| 2:50 | Farm |
| 3:05 | Peasant |
| 3:08 | Arcane Vault |
| 3:31 | Farm |
| 3:32 | Peasant |
| 3:42 | Bash |
| 3:45 | Peasant |
| 3:46 | Footman |
| 3:56 | Peasant |
| 4:19 | Blacksmith |
| 4:20 | Scroll of Regeneration |
| 4:45 | Footman |
| 4:46 | Peasant |
| 5:08 | Keep |
| 5:09 | Keep |
| 5:19 | Lumber Mill |
| 5:51 | Town Hall |
| 6:13 | Rifleman |
| 6:38 | Rifleman |
| 6:56 | Black Gunpowder |
| 6:57 | Refined Gunpowder |
| 7:02 | Storm Bolt |
| 7:12 | Scout Tower |
| 7:13 | Peasant |
| 7:20 | Farm |
| 7:33 | Long Rifles |
| 7:36 | Arcane Sanctum |
| 7:38 | Peasant |
| 7:51 | Rifleman |
| 7:53 | Barracks |
| 8:44 | Rifleman |
| 8:44 | Rifleman |
| 8:46 | Studded Leather Armor |
| 8:46 | Reinforced Leather Armor |
| 8:55 | Priest |
| 8:59 | Improved Lumber Harvesting |
| 8:59 | Advanced Lumber Harvesting |
| 9:01 | Guard Tower |
| 9:02 | Scout Tower |
| 9:04 | Scout Tower |
| 9:06 | Rifleman |
| 9:14 | Priest |
| 9:18 | Rifleman |
| 9:33 | Guard Tower |
| 9:34 | Guard Tower |
| 9:35 | Scout Tower |
| 9:44 | Priest |
| 9:48 | Rifleman |
| 10:22 | Potion of Healing |
| 10:23 | Lesser Clarity Potion |
| 10:29 | Potion of Mana |
| 10:42 | Sorceress |
| 10:44 | Imbued Gunpowder |
| 10:57 | Guard Tower |
| 10:57 | Guard Tower |
| 11:04 | Scout Tower |
| 11:15 | Farm |
| 11:18 | Farm |
| 11:28 | Sorceress |
| 11:29 | Rifleman |
| 11:44 | Farm |
| 12:20 | Rifleman |
| 12:31 | Rifleman |
| 12:38 | Rifleman |
| 12:41 | Blizzard |
| 12:58 | Bash |
| 13:02 | Castle |
| 13:03 | Dragonhide Armor |
| 14:09 | Brilliance Aura |
| 14:17 | Rifleman |
| 14:18 | Rifleman |
| 14:20 | Arcane Sanctum |
| 14:37 | Arcane Sanctum |
| 15:07 | Workshop |
| 15:37 | Priest |
| 15:37 | Priest |
| 15:41 | Rifleman |
| 15:42 | Rifleman |
| 16:30 | Potion of Healing |
| 16:30 | Potion of Healing |
| 16:30 | Orb of Fire |
| 16:33 | Storm Bolt |
| 16:35 | Scroll of Town Portal |
| 17:17 | Priest |
| 17:20 | Farm |
| 18:48 | Rifleman |
| 18:49 | Rifleman |
| 19:02 | Rifleman |
| 19:02 | Rifleman |
| 19:04 | Priest |
| 19:09 | Potion of Healing |
| 19:09 | Potion of Healing |
| 19:09 | Orb of Fire |
| 20:51 | Peasant |
| 20:51 | Peasant |
| 21:21 | Priest |
| 21:22 | Spell Breaker |
| 22:56 | Rifleman |
| 22:56 | Rifleman |
| 22:57 | Priest |
| 23:23 | Mortar Team |
| 23:33 | Sorceress |
| 23:46 | Mortar Team |
| 23:59 | Mortar Team |
| 24:22 | Mortar Team |
| 24:26 | Spell Breaker |
| 25:14 | Mortar Team |
| 25:58 | Blizzard |
| 25:59 | Blizzard |
| 26:22 | Rifleman |
| 26:43 | Scroll of Regeneration |
| 26:48 | Rifleman |
| 26:50 | Mortar Team |
| 26:59 | Arcane Sanctum |
| 27:24 | Mortar Team |
| 27:26 | Rifleman |
| 27:53 | Mortar Team |
| 28:10 | Town Hall |
| 28:41 | Avatar |
| 29:31 | Rifleman |
| 29:36 | Rifleman |
| 29:37 | Priest |
| 29:38 | Mortar Team |
| 29:57 | Potion of Healing |
| 29:58 | Lesser Clarity Potion |
| 30:03 | Potion of Mana |
| 30:05 | Rifleman |
| 30:12 | Scout Tower |
| 30:17 | Peasant |
| 30:23 | Scout Tower |
| 30:32 | Priest |
| 30:51 | Rifleman |
| 31:29 | Guard Tower |
| 31:30 | Scout Tower |
| 31:42 | Summon Water Elemental |
| 32:00 | Rifleman |
| 32:01 | Rifleman |
| 32:11 | Guard Tower |
| 32:11 | Guard Tower |
| 32:14 | Scout Tower |
| 32:34 | Rifleman |
| 32:37 | Guard Tower |
| 32:38 | Guard Tower |
| 32:40 | Scout Tower |
| 33:06 | Rifleman |
| 33:47 | Rifleman |
| 33:49 | Guard Tower |
| 33:50 | Guard Tower |
| 34:22 | Spell Breaker |
| 35:23 | Rifleman |
| 35:25 | Guard Tower |
| 35:25 | Guard Tower |
| 35:28 | Scout Tower |
| 35:52 | Scroll of Town Portal |
| 35:52 | Scroll of Town Portal |
| 35:52 | Scroll of Town Portal |
| 35:52 | Scroll of Town Portal |
| 36:17 | Guard Tower |
| 36:18 | Guard Tower |
| 36:20 | Scout Tower |
| 36:41 | Potion of Healing |
| 40:27 | Altar of Kings |
| 40:30 | Bash |
| 40:47 | Rifleman |
| 41:23 | Rifleman |
| 41:47 | Guard Tower |
| 41:47 | Guard Tower |
| Right click | 2563 |
| Select | 1205 |
| Select group | 860 |
| Misc. action | 489 |
| Build/train/purchase | 278 |
| Assign group | 231 |
| Use ability | 79 |
| Minimap ping | 53 |
| Resource trade | 35 |
| Remove unit | 1 |